 Dungeon Crawl Stone Soup version 0.17-a0-764-gd40c196 (webtiles) character file.

688 PolkaDot the Caller (level 7, -2/52 HPs)
             Began as a Vampire Summoner on Apr 23, 2015.
             Slain by an ice beast (9 damage)
             ... on level 5 of the Dungeon.
             The game lasted 00:16:46 (4316 turns).

PolkaDot the Caller (Vampire Summoner)              Turns: 4316, Time: 00:16:46

Health: -2/52      AC:  2    Str:  7      XL:     7   Next: 36%
Magic:  0/10       EV: 12    Int: 19      God:
Gold:   209        SH:  0    Dex: 13 (15) Spells: 4 memorised, 1 level left

rFire  . . .     SeeInvis +     c - +0 dagger (flame)
rCold  . . .     Clarity  .     a - +0 robe
rNeg   + + .     SustAb   .     (no shield)
rPois  .         Gourm    .     (helmet restricted)
rElec  .         Spirit   .     (no cloak)
rCorr  .         Warding  +     (no gloves)
rMut   .         Stasis   .     (no boots)
MR     .....                    n - amulet of warding
Stlth  +++.......               p - ring of positive energy
                                j - ring of wizardry

@: regenerating quickly, not resistant to hostile enchantments, fairly stealthy
A: fangs 3, horns 1, see invisible, unbreathing
a: no special abilities


You were on level 5 of the Dungeon.
You were very full.

You visited 1 branch of the dungeon, and saw 5 of its levels.

You collected 209 gold pieces.

Inventory:

Hand weapons
 c - a +0 dagger of flaming (weapon)
Armour
 a - a +0 robe (worn)
Jewellery
 j - a ring of wizardry (left hand)
 n - an amulet of warding (around neck)
 p - a ring of positive energy (right hand)
Scrolls
 e - a scroll of amnesia {unknown}
 f - a scroll of fog {unknown}
 i - 2 scrolls of vulnerability {unknown}
 k - a scroll of blinking {unknown}
 m - a scroll of fear {unknown}
 o - a scroll of teleportation {unknown}
 q - 5 scrolls of remove curse
 s - a scroll of enchant weapon {unknown}
 t - a scroll of random uselessness {unknown}
Potions
 d - a potion of might
 g - a potion of brilliance
 h - a potion of haste
 l - 2 potions of restore abilities
 v - 10 potions of blood {@*1}
Books
 b - a book of Callings

   Spells                             Type                      Level
   a - Summon Small Mammal            Summoning                    1
   b - Call Imp                       Summoning                    2
   c - Call Canine Familiar           Summoning                    3
   d - Summon Guardian Golem          Hexes/Summoning              3
   e - Summon Lightning Spire         Summoning/Air                4
   f - Summon Ice Beast               Ice/Summoning                4


   Skills:
 - Level 3.2 Fighting
 - Level 3.0 Short Blades
 - Level 2.1 Dodging
 + Level 5.7 Stealth
 - Level 2.0 Spellcasting
 + Level 4.0 Hexes
 * Level 6.2 Summonings


You had one spell level left.
You knew the following spells:

 Your Spells              Type           Power        Failure   Level  Hunger
a - Summon Small Mammal   Summ           ####         1%          1    #......
d - Call Canine Familiar  Summ           ####....     1%          3    ###....
g - Summon Guardian Gole  Hex/Summ       ###.....     3%          3    ###....
s - Call Imp              Summ           ####....     1%          2    ###....


Dungeon Overview and Level Annotations

Branches:
Dungeon (5/15)
 Temple: D:4-7

Altars:
Cheibriados
Ru
Vehumet


Innate Abilities, Weirdness & Mutations

Your natural rate of healing is unusually fast.
You have razor-sharp teeth.
You have supernaturally acute eyesight.
You can survive without breathing.
You have a pair of small horns on your head.


Message History

The ice beast freezes you.
* * * LOW HITPOINT WARNING * * *
Your crimson imp blinks!
There is an open door here.
You barely miss the ice beast.
The ice beast is severely wounded.
The ice beast hits you.
* * * LOW HITPOINT WARNING * * *
The ice beast freezes you!
* * * LOW HITPOINT WARNING * * *
Your crimson imp blinks!
There is an open door here.
Things that are here:
a +1 ring of protection; a potion of blood {@*1}
Casting: Call Imp
Confirm with . or Enter, or press ? or * to list all spells.
The ice beast hits you.
* * * LOW HITPOINT WARNING * * *
The ice beast freezes you!
You die...

####### #.....#####+####
##+ ####...%.##....##..
##..##..##..............
#.......................
+.......................
#....h........>.........
##+###.@##..######..##.)
##..##.Y###+######..##.(
#.......8=8..'..#...##..
+............#5.+....+..
##..##..##..##..##..##..
#.. #..##5.##8.###'##..
... +....#...+...'.....(
. #....+..##'###..##+#
##..##..##..##..##..


You could see an ice beast, a friendly guardian golem, a friendly hound and a
friendly crimson imp.

Vanquished Creatures
  2 phantoms (D:4)
  A giant frog (D:5)
  An orc wizard (D:3)
  2 worker ants
  A hound skeleton (D:4)
  4 adders
  An adder skeleton (D:4)
  A worm (D:3)
  4 giant geckos
  3 orcs
  A ball python (D:1)
  A bat skeleton (D:4)
  5 giant cockroaches
  8 hobgoblins
  3 jackals
  7 kobolds
  A quokka (D:5)
  11 bats
  2 giant gecko skeletons (D:4)
  3 giant newts
  7 goblins
  8 rats
77 creatures vanquished.

Vanquished Creatures (collateral kills)
  An ice beast (D:5)
  A phantom (D:4)
  A sky beast (D:5)
  A centaur (D:5)
  Blork the orc (D:4)
  2 orc priests
  5 adders
  An ooze (D:2)
  A worm (D:2)
  5 orcs
  3 goblins
  2 jackals (D:2)
  4 bats
28 creatures vanquished.

Vanquished Creatures (others)
  A crimson imp (D:5)
  5 hounds
  A white imp (D:4)
  A bat (D:4)
  A rat (D:1)
9 creatures vanquished.

Grand Total: 114 creatures vanquished

Notes
Turn   | Place    | Note
--------------------------------------------------------------
     0 | D:1      | PolkaDot, the Vampire Summoner, began the quest for the Orb.
     0 | D:1      | Reached XP level 1. HP: 13/13 MP: 3/3
   386 | D:1      | Reached XP level 2. HP: 18/20 MP: 5/5
   707 | D:1      | Reached skill level 1 in Fighting
   930 | D:1      | Learned a level 2 spell: Call Imp
  1312 | D:2      | Found a sacrificial altar of Ru.
  1319 | D:2      | Reached XP level 3. HP: 22/26 MP: 1/6
  1370 | D:2      | Learned a level 3 spell: Call Canine Familiar
  2037 | D:3      | Gained mutation: You have a pair of small horns on your head. [potion of beneficial mutation]
  2039 | D:3      | Reached XP level 4. HP: 17/34 MP: 1/7
  2142 | D:3      | Found a radiant altar of Vehumet.
  2142 | D:3      | Found a snail-covered altar of Cheibriados.
  2268 | D:3      | Reached skill level 5 in Summonings
  2599 | D:4      | Reached XP level 5. HP: 41/41 MP: 8/8
  2649 | D:4      | Noticed a phantom
  2667 | D:4      | Killed a phantom
  2667 | D:4      | Reached skill level 1 in Short Blades
  2747 | D:4      | Noticed Blork the orc
  2758 | D:4      | Killed Blork the orc
  2758 | D:4      | Reached skill level 5 in Stealth
  2758 | D:4      | Reached XP level 6. HP: 37/47 MP: 4/9
  2784 | D:4      | Noticed a phantom
  2796 | D:4      | Noticed a phantom
  2930 | D:4      | Learned a level 3 spell: Summon Guardian Golem
  2973 | D:4      | Killed a phantom
  2973 | D:4      | Reached skill level 1 in Hexes
  3118 | D:4      | Killed a phantom
  3576 | D:5      | Entered Level 5 of the Dungeon
  4035 | D:5      | Reached XP level 7. HP: 29/52 MP: 0/10
  4201 | D:5      | Reached skill level 6 in Summonings
  4241 | D:5      | Identified the Reference Book on the Compass
  4316 | D:5      | Slain by an ice beast

Action                   |  1- 3 |  4- 6 |  7- 9 || total
-------------------------+-------+-------+-------++-------
Melee: Unarmed           |    30 |       |       ||    30
       Dagger            |   138 |   178 |    28 ||   344
 Cast: Summon Small Mamm |     8 |     4 |       ||    12
       Call Imp          |    14 |    23 |     2 ||    39
       Call Canine Famil |     1 |     8 |     3 ||    12
       Summon Guardian G |       |     3 |     1 ||     4
  Use: Potion            |    14 |    15 |     2 ||    31
       Scroll            |       |     4 |       ||     4
 Stab: Sleeping          |     3 |     5 |     3 ||    11
       Distracted        |     2 |     2 |       ||     4
  Eat: Corpse            |    11 |       |       ||    11
